Map: The Vermillion Problem

Players

dasvik

  • Race: Zerg Zerg

monk

  • Race: Protoss Protoss
  • Spawn Location: 11:00

VOD

Have the link to the VOD?

Description

Time

  • Played on: Nov. 8, 2017, 3:32 p.m.
  • Length: 25:00
Show
View Real Time Build Order
Export as new Build Order

dasvik Zerg 

Build Orders:  

Get SALT Encoding   

  18  1:01  Primal Warden  
  18  1:20  Primal Hive  
  18  3:54  Primal Hive  
  13  14:42  Primal Warden  
Show
View Real Time Build Order
Export as new Build Order

monk Protoss 

Build Orders:  

Get SALT Encoding   

  12  0:00  Probe (Chrono Boost)  
  13  0:13  Probe (Chrono Boost)  
  14  0:25  Probe (Chrono Boost)  
  15  0:51  Pylon  
  15  0:53  Probe (Chrono Boost)  
  15  0:55  Forge  
  16  1:06  Probe (Chrono Boost)  
  17  1:18  Probe (Chrono Boost)  
  18  1:30  Probe (Chrono Boost)  
  19  1:42  Probe (Chrono Boost)  
  19  1:44  Photon Cannon  
  19  1:47  Photon Cannon  
  20  1:54  Probe (Chrono Boost)  
  20  1:58  Assimilator  
  21  2:06  Probe (Chrono Boost)  
  22  2:10  Assimilator  
  22  2:18  Probe (Chrono Boost)  
  23  2:33  Probe (Chrono Boost)  
  23  2:34  Pylon  
  24  2:45  Probe (Chrono Boost)  
  25  2:57  Probe (Chrono Boost)  
  25  3:09  Probe (Chrono Boost)  
  27  3:21  Probe (Chrono Boost)  
  27  3:25  Nexus  
  28  3:33  Probe (Chrono Boost)  
  29  3:45  Probe (Chrono Boost)  
  30  3:53  Gateway  
  30  3:57  Probe (Chrono Boost)  
  31  4:17  Probe (Chrono Boost)  
  31  4:18  Pylon  
  32  4:21  Assimilator  
  32  4:23  Assimilator  
  32  4:29  Probe (Chrono Boost)  
  33  4:41  Probe (Chrono Boost)  
  34  4:53  Probe (Chrono Boost)  
  34  4:58  Probe x2 (Chrono Boost)  
  35  5:00  Probe (Chrono Boost)  
  35  5:01  Probe (Chrono Boost), Cybernetics Core  
  35  5:03  Probe x2 (Chrono Boost)  
  35  5:05  Probe x2 (Chrono Boost)  
  37  5:13  Probe (Chrono Boost)  
  37  5:18  Probe (Chrono Boost)  
  45  5:33  Probe (Chrono Boost)  
  45  5:35  Probe (Chrono Boost)  
  47  5:44  Solar Efficiency Level 1  
  47  5:45  Probe (Chrono Boost)  
  47  5:47  Probe (Chrono Boost)  
  49  5:56  Protoss Ground Weapons Level 1 (Chrono Boost)  
  49  5:59  Probe (Chrono Boost)  
  49  6:02  Robotics Facility  
  49  6:09  Probe (Chrono Boost)  
  50  6:19  Warp Gate  
  51  6:20  Probe  
  51  6:32  Probe  
  52  6:55  Robotics Facility  
  52  7:01  Immortal  
  52  7:09  Robotics Bay  
  52  7:12  Pylon  
  52  7:14  Pylon  
  56  7:22  Gateway  
  56  7:40  Immortal, Shadow Cannon  
  56  7:56  Immortal  
  60  8:00  Pylon  
  60  8:01  Pylon  
  64  8:13  Energizer  
  66  8:21  Immortal (Chrono Boost)  
  66  8:30  Protoss Ground Weapons Level 2 (Chrono Boost)  
  70  8:41  Immortal (Chrono Boost), Twilight Council  
  70  8:43  Probe x2  
  70  8:48  Immortal (Chrono Boost)  
  72  8:51  Immortal (Chrono Boost)  
  72  8:56  Energizer  
  72  8:58  Immortal (Chrono Boost)  
  78  9:00  Immortal (Chrono Boost)  
  82  9:23  Pylon  
  82  9:24  Pylon  
  94  9:52  Immortal (Chrono Boost)  
  94  9:53  Immortal (Chrono Boost)  
  102  10:16  Pylon  
  102  10:17  Pylon  
  102  10:19  Pylon  
  102  10:20  Energizer  
  102  10:24  Energizer  
  106  10:35  Immortal (Chrono Boost)  
  106  10:37  Protoss Ground Weapons Level 3, Probe  
  111  10:51  Immortal (Chrono Boost)  
  111  10:52  Probe  
  116  11:12  Pylon  
  116  11:13  Pylon  
  116  11:14  Immortal (Chrono Boost)  
  120  11:40  Immortal (Chrono Boost), Probe  
  125  11:53  Immortal (Chrono Boost)  
  128  12:19  Immortal (Chrono Boost)  
  128  12:31  Probe  
  128  12:32  Immortal (Chrono Boost)  
  133  12:46  Probe  
  134  12:50  Immortal (Chrono Boost)  
  134  12:55  Immortal (Chrono Boost)  
  134  12:58  Immortal (Chrono Boost)  
  134  13:00  Pylon  
  134  13:01  Probe  
  134  13:02  Immortal (Chrono Boost)  
  134  13:06  Immortal (Chrono Boost)  
  138  13:15  Probe  
  139  13:20  Probe  
  148  13:40  Pylon  
  148  13:46  Pylon  
  148  13:48  Pylon  
  152  13:56  Immortal (Chrono Boost)  
  146  14:09  Immortal (Chrono Boost)  
  150  14:13  Pylon  
  154  14:20  Energizer  
  154  14:21  Energizer  
  158  14:35  Immortal (Chrono Boost)  
  157  14:48  Immortal (Chrono Boost)  
  165  15:08  Protoss Shields Level 1  
  164  15:26  Immortal (Chrono Boost)  
  164  15:33  Pylon x3  
  164  15:36  Pylon  
  164  15:51  Immortal (Chrono Boost)  
  168  16:05  Immortal (Chrono Boost)  
  168  16:15  Probe  
  168  16:16  Pylon x2  
  169  16:30  Immortal (Chrono Boost)  
  169  16:34  Probe  
  174  16:40  Energizer  
  174  16:41  Energizer  
  174  16:48  Probe  
  178  16:57  Immortal (Chrono Boost)  
  178  16:58  Immortal (Chrono Boost)  
  175  17:05  Immortal x2 (Chrono Boost)  
  175  17:09  Pylon  
  175  17:25  Immortal (Chrono Boost)  
  174  17:44  Pylon  
  174  17:47  Pylon  
  182  17:52  Photon Cannon  
  182  17:55  Photon Cannon  
  182  17:59  Photon Cannon  
  186  18:01  Photon Cannon  
  186  18:15  Immortal x2 (Chrono Boost)  
  184  18:50  Probe  
  185  19:00  Immortal x2 (Chrono Boost)  
  191  19:39  Immortal x2 (Chrono Boost)  
  187  19:56  Probe  
  184  20:11  Probe  
  177  20:36  Immortal x2 (Chrono Boost)  
  177  20:41  Energizer  
  177  20:42  Energizer  
  187  21:14  Gateway x2  
  187  21:15  Immortal x2 (Chrono Boost)  
  187  21:19  Gateway  
  191  21:31  Sentinel x2  
  171  21:54  Immortal x2 (Chrono Boost)  
  171  21:55  Probe  
  172  22:10  Probe  
  172  22:15  Immortal x2 (Chrono Boost)  
  173  22:23  Immortal x2 (Chrono Boost)  
  173  22:25  Probe  
  170  22:40  Probe  
  170  22:43  Probe  
  179  22:50  Energizer x2  
  178  23:26  Probe  
Tags
 
Add a new tag
Caveats
  • Supply blocks, unpowered buildings, or Contaminate may cause inaccurate times.
  • Supply counts are checked every 10 seconds.